 Dungeon Crawl Stone Soup version 0.22.1-1-ga44c0e56f4 (webtiles) character file.

193 Reeggar the Slasher (level 5, -7/49 HPs)
             Began as a Naga Fighter on Oct 28, 2018.
             Killed from afar by Ijyb (16 damage)
             ... with a wand of acid (8)
             ... on level 3 of the Dungeon.
             The game lasted 00:10:25 (3071 turns).

Reeggar the Slasher (Naga Fighter)                  Turns: 3071, Time: 00:10:30

Health: -7/49      AC:  8    Str: 19    XL:     5   Next: 72%
Magic:  5/5        EV:  5    Int:  8    God:
Gold:   80         SH: 10    Dex: 11    Spells: 4/4 levels left

rFire    . . .     SeeInvis +   a - +0 long sword
rCold    . . .     Gourm    .   c - +1 shield
rNeg     . . .     Faith    .   b - +0 scale mail
rPois    +         Spirit   .   (no helmet)
rElec    .         Reflect  .   (no cloak)
rCorr    .         Harm     .   (no gloves)
MR       .....                  (no barding)
Stlth    ..........             (no amulet)
HPRegen  0.16/turn              j - +3 ring of protection
MPRegen  0.09/turn              (no ring)

@: lethally poisoned (-7 -> -16), very slow
A: large, see invisible, deformed body, poison resistance, slowness 2, slow
metabolism 1, spit poison 1, AC +1
a: Spit Poison


You were on level 3 of the Dungeon.
You were not hungry.

You visited 1 branch of the dungeon, and saw 3 of its levels.

You collected 80 gold pieces.

Inventory:

Hand Weapons
 a - a +0 long sword (weapon)
Armour
 b - a +0 scale mail (worn)
 c - a +1 shield (worn)
Jewellery
 j - a +3 ring of protection (left hand)
Scrolls
 e - a scroll of identify
 g - 3 scrolls of teleportation
 h - 2 scrolls of remove curse
 i - a scroll of immolation {unknown}
 m - a scroll of enchant weapon {unknown}
Potions
 k - a potion of haste {unknown}
 l - a potion of might
Comestibles
 d - a chunk of flesh
 f - 7 rations


   Skills:
 + Level 3.5 Fighting
 + Level 3.6 Long Blades
 + Level 3.4 Armour
 + Level 0.6 Dodging
 + Level 0.3 Stealth
 + Level 3.0 Shields


You had 4 spell levels left.
You didn't know any spells.
Your spell library was empty.

Dungeon Overview and Level Annotations

Branches:
Dungeon (3/15)

Altars:
Xom

Annotations:
D:3 Ijyb


Innate Abilities, Weirdness & Mutations

You cannot wear boots.
Your serpentine skin is tough. (AC +1)
You have supernaturally acute eyesight. (SInv)
Armour fits poorly on your strangely shaped body.
Your system is resistant to poisons. (rPois)
You cover ground very slowly.
You have a slow metabolism.
You can spit poison.


Message History

Ijyb is lightly wounded.
You feel sick. Ijyb hits you with a dagger of venom.
You closely miss Ijyb.
Ijyb is lightly wounded.
Ijyb hits you with a dagger of venom.
You are more poisoned.
Ijyb barely misses you.
You hit Ijyb.
Ijyb is moderately wounded.
You feel sick. You block Ijyb's attack.
Your shield and scale mail prevent you from hitting Ijyb.
Ijyb is moderately wounded.
You feel sick. You block Ijyb's attack.
You hit Ijyb.
Ijyb is moderately wounded.
You feel sick.
Ijyb zaps a wand.
The bolt of acid hits you!
You are splashed with acid!
The acid burns!
* * * LOW HITPOINT WARNING * * *
It is a wand of acid (8).
Ijyb zaps a wand.
The bolt of acid hits you!
You die...

##############...
#........@gr.....
#..##.########...
#..##.# #..##.#
#..##.# #####
#..##.####
....####..##.....
..............#
##..####.####.#


You could see Ijyb and a quokka.

Vanquished Creatures
  Natasha (thrice) (D:3)
  A gnoll (D:1)
  An adder (D:2)
  2 worms (D:2)
  3 dart slugs
  4 leopard geckos
  A ball python (D:1)
  3 giant cockroaches
  4 goblins
  12 hobgoblins
  8 jackals (D:2)
  2 quokkas (D:2)
  8 bats
  12 frilled lizards
  12 kobolds
  7 rats
83 creatures vanquished.

Vanquished Creatures (others)
  4 plants (D:2)
4 creatures vanquished.

Grand Total: 87 creatures vanquished

Notes
Turn   | Place    | Note
-------+----------+-------------------------------------------
     0 | D:1      | Reeggar the Naga Fighter began the quest for the Orb.
     0 | D:1      | Reached XP level 1. HP: 21/21 MP: 1/1
    99 | D:1      | Reached XP level 2. HP: 8/28 MP: 2/2
   509 | D:1      | Reached XP level 3. HP: 14/34 MP: 3/3
  1545 | D:2      | Reached XP level 4. HP: 25/42 MP: 4/4
  1558 | D:2      | Found a shimmering altar of Xom.
  2829 | D:3      | Reached XP level 5. HP: 44/49 MP: 5/5
  2853 | D:3      | Noticed Natasha
  2867 | D:3      | Killed Natasha
  2876 | D:3      | Noticed Natasha
  2891 | D:3      | Killed Natasha
  2951 | D:3      | Noticed Natasha
  2956 | D:3      | Killed Natasha
  3059 | D:3      | Noticed Ijyb
  3071 | D:3      | Killed from afar by Ijyb

Skill      XL: |  1  2  3  4  5 |
---------------+----------------+-----
Long Blades    | 3 |  3.6
Armour         | 3 |  3.4
Shields        | 3 |  3.0
Fighting       | |  3.5
Dodging        | |  0.6
Stealth        | |  0.3

Action                   |  1- 3 |  4- 6 || total
-------------------------+-------+-------++-------
Melee: Long sword        |   105 |   187 ||   292
 Abil: Spit Poison       |     1 |     4 ||     5
  Use: Potion            |     1 |     2 ||     3
       Scroll            |     4 |     1 ||     5
  Eat: Chunk             |     1 |     5 ||     6
Armor: Scale mail        |    68 |   118 ||   186
Dodge: Dodged            |    19 |    51 ||    70
Block: Shield            |    68 |   122 ||   190
       Rpst.: Long sword |     7 |    14 ||    21
